Map: Habitation Station LE (Void)

Players

smokem - Winner!

  • Race: Terran Terran
  • League: Diamond
  • Spawn Location: 1:00

Fropez

  • Race: Protoss Protoss
  • League: Gold
  • Spawn Location: 11:00

VOD

Have the link to the VOD?

Description

Time

  • Played on: Nov. 29, 2016, 12:36 p.m.
  • Length: 18:16
Show
View Real Time Build Order
Export as new Build Order

smokem Terran - Winner!

Build Orders:  

Get SALT Encoding   

  12  0:01  SCV  
  13  0:13  SCV  
  14  0:18  Supply Depot  
  14  0:25  SCV  
  15  0:40  SCV  
  16  0:43  Barracks  
  16  0:45  Refinery  
  16  0:52  SCV  
  17  1:08  SCV  
  18  1:20  SCV  
  19  1:32  SCV  
  20  1:37  Reaper  
  21  1:49  Command Center  
  21  2:03  Orbital Command  
  21  2:09  Marine  
  21  2:11  Factory  
  22  2:39  SCV  
  23  3:00  Marine  
  23  3:01  SCV  
  24  3:15  SCV, Engineering Bay  
  24  3:17  Orbital Command  
  25  3:24  Marine  
  26  3:27  SCV  
  27  3:34  Factory Reactor  
  27  3:37  Factory  
  27  3:38  Supply Depot  
  27  3:39  SCV  
  28  3:42  Marine  
  28  3:43  SCV  
  30  3:50  Missile Turret  
  30  3:51  SCV  
  32  3:55  SCV  
  32  4:00  Marine  
  32  4:01  Refinery  
  33  4:03  SCV  
  33  4:07  SCV  
  35  4:15  SCV  
  36  4:18  Marine  
  36  4:19  SCV, Missile Turret  
  35  4:43  Factory Tech Lab  
  35  4:45  Cyclone x2  
  38  5:07  Armory  
  38  5:11  SCV x2, Supply Depot  
  40  5:20  Factory  
  40  5:23  SCV x2  
  40  5:26  Refinery  
  40  5:28  Refinery  
  42  5:35  SCV  
  43  5:36  Mag-Field Launchers, Command Center  
  43  5:42  SCV  
  44  5:47  SCV  
  44  5:48  Hellion x2  
  49  5:54  SCV  
  49  5:55  Terran Vehicle Weapons Level 1  
  50  5:59  SCV  
  50  6:01  Supply Depot  
  51  6:20  Factory Tech Lab  
  51  6:23  Supply Depot  
  51  6:27  Supply Depot  
  51  6:28  Cyclone x2  
  57  6:39  Cyclone  
  60  6:50  Supply Depot  
  60  6:51  Supply Depot  
  60  6:58  Orbital Command  
  60  7:05  Infernal Pre-Igniter  
  59  7:11  Cyclone x2  
  59  7:12  Supply Depot  
  59  7:13  Supply Depot  
  45  7:50  Cyclone x3  
  40  8:00  Hellion  
  39  8:15  Factory  
  39  8:21  SCV, Hellion  
  39  8:22  SCV x2, Hellion  
  39  8:23  Hellion x2  
  47  8:33  SCV  
  47  8:34  SCV x2  
  50  8:39  Supply Depot  
  50  8:41  Supply Depot  
  50  8:45  SCV, Cyclone  
  50  8:46  SCV x2, Cyclone  
  59  8:51  Cyclone  
  62  8:58  SCV  
  62  9:01  SCV  
  64  9:07  SCV  
  65  9:10  Terran Vehicle Weapons Level 2  
  65  9:12  SCV  
  65  9:14  SCV  
  67  9:19  SCV  
  67  9:24  SCV  
  67  9:26  SCV  
  69  9:31  SCV  
  69  9:36  SCV  
  69  9:37  Hellion x3  
  69  9:38  Hellion  
  79  9:50  SCV x3  
  82  9:58  Factory Reactor  
  82  9:59  Hellion x3  
  88  10:02  SCV x2  
  90  10:30  Cyclone x4  
  76  11:02  Cyclone x2  
  82  11:05  Cyclone x4  
  94  11:35  Missile Turret x3  
  91  11:56  SCV  
  91  11:57  SCV x2  
  90  12:08  SCV  
  90  12:09  SCV x2  
  78  12:21  SCV  
  57  13:10  Terran Vehicle Weapons Level 3  
  51  13:34  Cyclone x3  
  51  13:35  Cyclone x3  
  51  13:39  Refinery  
  51  13:41  Refinery  
  66  13:51  Missile Turret  
  61  14:03  Missile Turret  
  61  14:06  Cyclone x2  
  61  14:07  Hellion, Cyclone x3  
  77  14:20  Orbital Command  
  77  14:29  Hellion  
  77  14:39  Hellion x4  
  83  14:47  Hellion  
  85  14:59  Refinery  
  85  15:00  Refinery  
  85  15:03  Command Center  
  85  15:07  Cyclone x5  
  91  15:08  Cyclone  
  103  15:22  Missile Turret  
  103  15:24  Missile Turret  
  103  15:28  Missile Turret  
  103  15:59  Cyclone x4  
  103  16:02  Hellion x2  
  119  16:13  SCV x3  
  119  16:17  Planetary Fortress  
  122  16:20  Command Center  
  122  16:23  Hellion  
  122  16:24  Hellion  
  122  16:25  SCV x3  
  129  16:31  Hellion x3  
  129  16:32  Hellion  
  136  16:37  SCV  
  130  16:45  Hellion x2  
  133  16:53  Hellion x4  
  133  17:06  Hellion x2  
  137  17:14  Hellion x2  
  140  17:48  SCV, Hellion  
  140  17:50  SCV x2, Hellion x2  
  140  17:53  Hellion  
  140  17:54  Hellion x2  
  131  18:00  SCV  
  131  18:02  SCV x2  
Show
View Real Time Build Order
Export as new Build Order

Fropez Protoss 

Build Orders:  

Get SALT Encoding   

  12  0:01  Probe (Chrono Boost)  
  13  0:13  Pylon  
  13  0:20  Probe (Chrono Boost)  
  14  0:31  Probe (Chrono Boost)  
  14  0:32  Assimilator  
  15  0:41  Probe (Chrono Boost)  
  16  0:52  Probe (Chrono Boost)  
  17  1:08  Nexus  
  17  1:14  Assimilator  
  17  1:26  Gateway  
  17  1:35  Pylon  
  17  1:37  Probe (Chrono Boost)  
  18  1:52  Pylon  
  18  1:54  Probe (Chrono Boost)  
  19  2:02  Assimilator  
  19  2:05  Probe (Chrono Boost)  
  20  2:15  Cybernetics Core  
  20  2:22  Probe (Chrono Boost)  
  21  2:26  Probe (Chrono Boost)  
  22  2:34  Probe (Chrono Boost)  
  23  2:40  Probe (Chrono Boost)  
  24  2:47  Gateway  
  25  2:54  Mothership Core (Chrono Boost)  
  25  2:56  Warp Gate (Chrono Boost)  
  26  3:03  Probe (Chrono Boost)  
  27  3:09  Pylon  
  27  3:12  Probe x2  
  29  3:22  Pylon  
  29  3:23  Probe  
  29  3:25  Probe  
  31  3:33  Probe  
  31  3:39  Adept  
  31  3:40  Adept  
  36  3:43  Probe  
  38  4:02  Probe  
  38  4:04  Robotics Facility  
  38  4:06  Probe  
  39  4:12  Stalker x2  
  41  4:45  Probe  
  42  4:52  Immortal (Chrono Boost)  
  46  4:56  Pylon  
  46  5:02  Probe  
  46  5:03  Probe  
  46  5:05  Assimilator  
  48  5:09  Assimilator  
  48  5:15  Twilight Council  
  48  5:16  Gateway  
  48  5:17  Gateway  
  48  5:18  Pylon  
  48  5:20  Probe x2  
  50  5:31  Robotics Facility  
  50  5:32  Probe  
  50  5:33  Gateway  
  50  5:35  Probe  
  52  5:37  Pylon  
  52  5:40  Stalker  
  52  5:42  Zealot  
  56  5:45  Probe  
  57  5:54  Immortal (Chrono Boost)  
  61  5:57  Probe  
  62  6:07  Probe  
  61  6:19  Resonating Glaives  
  61  6:22  Forge  
  61  6:24  Forge  
  61  6:29  Observer (Chrono Boost)  
  61  6:31  Adept x2  
  61  6:32  Adept x3  
  72  6:50  Pylon  
  72  7:01  Immortal (Chrono Boost)  
  76  7:07  Stalker x4  
  84  7:10  Pylon  
  77  7:36  Stalker x3  
  77  7:37  Stalker x2  
  81  7:43  Blink  
  77  7:51  Protoss Ground Weapons Level 1 (Chrono Boost)  
  77  7:59  Gateway  
  77  8:01  Protoss Ground Armor Level 1 (Chrono Boost)  
  73  8:08  Probe  
  73  8:09  Nexus  
  72  8:16  Stalker  
  72  8:17  Stalker x2  
  74  8:23  Pylon  
  70  8:28  Photon Cannon  
  70  8:31  Pylon  
  70  8:40  Observer  
  71  8:55  Probe  
  72  9:01  Warp Prism  
  74  9:05  Adept x2  
  74  9:06  Adept x3  
  84  9:15  Mothership Core  
  84  9:16  Probe  
  77  9:44  Robotics Bay  
  77  9:46  Probe x2  
  79  10:01  Nexus  
  79  10:03  Assimilator  
  79  10:08  Assimilator  
  79  10:10  Pylon  
  79  10:14  Pylon  
  79  10:18  Stalker x3  
  79  10:19  Stalker x2  
  77  10:46  Zealot x3  
  77  10:47  Zealot x3  
  71  10:52  Colossus (Chrono Boost)  
  70  11:07  Zealot x3  
  70  11:08  Zealot x3  
  82  11:34  Zealot x4  
  82  11:35  Zealot  
  82  11:36  Zealot  
  94  11:45  Protoss Ground Weapons Level 2 (Chrono Boost)  
  94  11:49  Protoss Ground Armor Level 2 (Chrono Boost)  
  80  12:14  Extended Thermal Lance (Chrono Boost)  
  60  12:30  Zealot x3  
  60  12:31  Zealot x3  
  64  12:42  Photon Cannon  
  52  12:52  Pylon, Zealot x5  
  58  13:18  Probe x2  
  60  13:30  Probe x2  
  60  13:31  Zealot x4  
  60  13:32  Zealot  
  72  13:42  Nexus, Probe x2  
  72  13:46  Colossus  
  74  13:54  Probe x2  
  82  14:01  Photon Cannon  
  82  14:06  Probe  
  83  14:14  Zealot x2  
  77  14:33  Charge (Chrono Boost)  
  75  14:39  Protoss Shields Level 1 (Chrono Boost)  
  75  14:42  Protoss Ground Weapons Level 3 (Chrono Boost)  
  67  14:58  Probe  
  68  15:01  Gravitic Drive  
  68  15:11  Probe  
  68  15:13  Pylon  
  69  15:16  Pylon  
  69  15:18  Zealot  
  71  15:36  Probe, Photon Cannon  
  65  15:50  Colossus  
  65  15:54  Zealot x3  
  65  15:55  Zealot x3  
  79  16:21  Zealot  
  79  16:22  Zealot x5  
  83  16:53  Colossus  
  75  16:55  Zealot x4  
  75  16:56  Zealot x2  
  75  17:41  Zealot x5  
  75  17:42  Zealot  
  65  18:03  Zealot x2  
  65  18:04  Zealot x3  
Tags
 
Add a new tag
Caveats
  • Supply blocks, unpowered buildings, or Contaminate may cause inaccurate times.
  • Supply counts are checked every 10 seconds.